AoeStats
← 星空酒酒

Arabia

507978062Analyzed
4v4 RM · 11d ago on Sep 20, 2026· 69m 4s· 8 players
Game mode
Random Map
Map size
Large (8 player)
Population
200
Speed
Normal
Resources
Standard
Victory
Conquest
Starting age
Dark Age
Ending age
Imperial Age
RankedLock teamsTeams togetherTeam positionsShared explorationLock speedFull tech treeHidden civsTurbo modeCheats
Victory
Defeat
🇹🇼 Khmer · Taiwan
1005
+13
🇦🇹 Persians · Austria
996
+13
🇭🇰 Inca · Hong Kong SAR China
988
+14
🇨🇳 Mongols · China
963
+15
🇭🇰 Mapuche · Hong Kong SAR China
1050
-18
🇨🇳 Turks · China
1009
-17
🇩🇪 Vietnamese · Germany
922
-13
🇦🇷 Persians · Argentina
759
-7
星空酒酒
11:18 Feudal Age
9:34 Loom
13:19 Double-Bit Axe
19:15 Castle Age
19:01 Bloodlines
18:54 Gold Mining
18:47 Horse Collar
19:42 Scale Barding Armor
23:54 Forging
45:12 Stone Mining
47:59 Wheelbarrow
48:32 Bow Saw
66:35 Imperial Age
64:23 Hand Cart
64:27 Husbandry
63:48 Light Cavalry
64:52 Chain Barding Armor
65:08 Iron Casting
67:32 Elite Steppe Lancer
67:33 Hussar
69:15 Blast Furnace
68:39 Caravan
69:13 Coinage
Roxxy uG
11:05 Feudal Age
9:21 Loom
11:42 Horse Collar
12:01 Double-Bit Axe
17:19 Gold Mining
17:20 Stone Mining
21:27 Castle Age
19:57 Forging
19:53 Scale Barding Armor
20:20 Scale Barding Armor
21:41 Pikeman
26:53 Heavy Plow
27:05 Bow Saw
30:52 Husbandry
31:02 Bloodlines
32:52 Wheelbarrow
31:53 Light Cavalry
32:47 Town Watch
33:43 Iron Casting
33:54 Chain Barding Armor
33:50 Murder Holes
34:23 Hand Cart
38:21 Imperial Age
36:29 Ballistics
36:51 Gold Shaft Mining
36:53 Stone Shaft Mining
38:02 Cavalier
40:21 Caravan
40:52 Town Patrol
41:32 Plate Barding Armor
41:57 Blast Furnace
40:49 Fletching
40:59 Padded Archer Armor
40:51 Savar
43:29 Conscription
43:11 Scale Mail Armor
42:39 Hussar
47:00 Leather Archer Armor
53:24 Ring Archer Armor
52:50 Bodkin Arrow
56:58 Halberdier
57:51 Squires
61:57 Arson
63:25 Gambesons
63:03 Man-at-Arms
63:35 Heavy Camel Rider
64:32 Chain Mail Armor
64:59 Hoardings
H wont help
1:15 Loom
17:58 Feudal Age
27:25 Double-Bit Axe
27:38 Horse Collar
36:01 Castle Age
35:19 Gold Mining
35:50 Stone Mining
36:13 Forging
36:52 Wheelbarrow
37:08 Scale Mail Armor
38:48 Bow Saw
38:40 Heavy Plow
39:25 Town Watch
41:45 Pikeman
43:47 Hand Cart
45:32 Arson
49:25 Iron Casting
49:06 Chain Mail Armor
50:26 Treadmill Crane
55:43 Imperial Age
54:05 Caravan
53:58 Fletching
54:06 Murder Holes
56:10 Bodkin Arrow
56:15 Padded Archer Armor
56:38 Ballistics
56:29 Fortified Wall
57:52 Chemistry
58:47 Hoardings
59:05 Squires
60:32 Plate Mail Armor
61:02 Elite Kamayuk
64:03 Blast Furnace
63:13 Town Patrol
63:13 Champi Runner
63:13 Halberdier
64:33 Champi Warrior
65:47 Conscription
65:30 Fabric Shields
65:54 Elite Champi Warrior
67:46 Gold Shaft Mining
67:55 Stone Shaft Mining
67:53 Crop Rotation
s316aac
0:27 Loom
9:50 Feudal Age
10:25 Double-Bit Axe
11:20 Horse Collar
14:44 Forging
17:26 Scale Barding Armor
20:10 Wheelbarrow
19:20 Town Watch
24:32 Castle Age
22:52 Gold Mining
23:59 Bloodlines
25:35 Light Cavalry
26:15 Husbandry
26:54 Iron Casting
26:40 Chain Barding Armor
26:45 Bow Saw
34:08 Imperial Age
32:17 Heavy Plow
34:23 Hussar
35:41 Plate Barding Armor
35:28 Hand Cart
37:14 Blast Furnace
36:11 Cavalier
38:27 Town Patrol
44:01 Conscription
53:02 Elite Ballista Elephant
59:52 Murder Holes
60:03 Siege Engineers
60:09 Masonry
LeitW0LF
10:50 Feudal Age
11:40 Double-Bit Axe
11:36 Horse Collar
18:03 Wheelbarrow
22:36 Castle Age
21:08 Bloodlines
21:07 Gold Mining
21:37 Stone Mining
22:37 Forging
23:42 Hand Cart
23:53 Pikeman
25:13 Iron Casting
24:56 Scale Mail Armor
26:21 Stone Shaft Mining
26:05 Hand Cart
27:19 Chain Mail Armor
28:01 Bow Saw
31:05 Heavy Plow
34:41 Imperial Age
32:53 Crossbowman
33:39 Thumb Ring
32:55 Elite Skirmisher
33:28 Fletching
34:36 Squires
34:22 Arson
33:59 Man-at-Arms
34:47 Padded Archer Armor
35:50 Leather Archer Armor
36:37 Arbalester
38:48 Bodkin Arrow
39:24 Plate Mail Armor
39:25 Ring Archer Armor
40:18 Paper Money
40:37 Bracer
40:58 Capped Ram
42:08 Imperial Skirmisher
43:46 Hoardings
43:29 Light Cavalry
44:10 Husbandry
44:17 Scale Barding Armor
44:27 Elite Rattan Archer
45:46 Guilds
46:59 Chemistry
47:47 Siege Engineers
48:04 Ballistics
48:06 Halberdier
51:10 Elite Fire Lancer
TornToast5128
9:04 Feudal Age
10:32 Double-Bit Axe
12:29 Wheelbarrow
12:18 Horse Collar
18:24 Castle Age
19:58 Loom
19:49 Pikeman
24:10 Forging
33:25 Gold Mining
35:54 Iron Casting
36:44 Heavy Plow
39:08 Scale Mail Armor
45:50 Bow Saw
49:33 Imperial Age
50:47 Crop Rotation
51:57 Halberdier
59:40 Arson
One Shoulder 100KG
6:22 Loom
9:00 Feudal Age
9:32 Double-Bit Axe
13:58 Forging
18:20 Wheelbarrow
18:35 Horse Collar
18:48 Gold Mining
21:20 Castle Age
21:09 Bloodlines
21:14 Scale Barding Armor
23:21 Chain Barding Armor
23:21 Husbandry
23:10 Town Watch
23:45 Bow Saw
24:20 Gold Shaft Mining
23:46 Heavy Plow
25:33 Iron Casting
28:22 Stone Mining
29:01 Fletching
42:38 Imperial Age
42:38 Hand Cart
42:44 Heavy Camel Rider
44:56 Plate Barding Armor
44:50 Town Patrol
47:22 Blast Furnace
47:44 Caravan
47:55 Guilds
50:49 Bodkin Arrow
51:20 Ballistics
53:25 Padded Archer Armor
54:10 Coinage
55:41 Treadmill Crane
56:17 Leather Archer Armor
57:13 Conscription
57:20 Artillery
慢即是快.
4:48 Loom
18:35 Feudal Age
25:08 Castle Age
33:03 Wheelbarrow
32:13 Town Watch
36:42 Double-Bit Axe
36:38 Horse Collar
37:52 Gold Mining
37:53 Stone Mining
42:20 Imperial Age
40:05 Caravan
43:41 Husbandry
43:53 Bloodlines
45:06 Forging
45:01 Scale Barding Armor
45:06 Forging
47:44 Elite War Elephant
49:03 Heavy Plow
50:53 Conscription
53:37 Guilds
53:57 Coinage
55:50 Iron Casting
55:35 Chain Barding Armor
55:50 Iron Casting
56:16 Capped Ram
57:52 Siege Ram
Connection lost

Rejoining the realm…

Still unreachable

The connection could not be restored.

Session expired

The server has moved on; the page needs a fresh start.